 Dungeon Crawl Stone Soup version 0.21.1-1-g345015f (webtiles) character file.

61 JeffiDaFish the Digger (level 4, -3/24 HPs)
             Began as a Gargoyle Earth Elementalist on Feb 12, 2018.
             Slain by R007833r's ghost (5 damage)
             ... on level 3 of the Dungeon.
             The game lasted 00:06:01 (1874 turns).

JeffiDaFish the Digger (GrEE)                       Turns: 1874, Time: 00:06:02

Health: -3/24      AC:  6    Str: 12    XL:     4   Next: 7%
Magic:  0/8        EV: 12    Int: 16    God:
Gold:   110        SH:  0    Dex: 10    Spells: 4/8 levels left

rFire    . . .     SeeInvis .   g - +1 rapier
rCold    . . .     Gourm    .   (no shield)
rNeg     + . .     Faith    .   c - +1 robe
rPois    ∞         Spirit   .   (no helmet)
rElec    +         Reflect  .   (no cloak)
rCorr    .         Harm     .   (no gloves)
MR       .....                  (no boots)
Stlth    ++........             (no amulet)
HPRegen  0.08/turn              (no ring)
MPRegen  0.11/turn              (no ring)

@: no status effects
A: negative energy resistance 1, electricity resistance, unbreathing,
petrification resistance, rot immunity, AC +3
a: no special abilities


You were on level 3 of the Dungeon.
You were hungry.

You visited 1 branch of the dungeon, and saw 3 of its levels.

You collected 110 gold pieces.

Inventory:

Hand Weapons
 g - a +1 rapier (weapon)
Missiles
 b - 70 stones (quivered)
Armour
 c - a +1 robe (worn)
Scrolls
 f - 2 scrolls of remove curse
Books
 e - a book of Geomancy

   Spells                             Type                      Level
   a - Sandblast                      Earth                        1
   b - Passwall                       Transmutation/Earth          2
   c - Stone Arrow                    Conjuration/Earth            3
   d - Petrify                        Transmutation/Earth          4
   e - Lee's Rapid Deconstruction     Earth                        5
Comestibles
 a - 3 chunks of flesh
 d - 3 rations


   Skills:
 - Level 1.7 Dodging
 - Level 2.2 Stealth
 + Level 2.9 Spellcasting
   Level 0.7 Transmutations
 + Level 4.8 Earth Magic


You had 4 spell levels left.
You knew the following spells:

 Your Spells              Type           Power        Failure   Level  Hunger
a - Sandblast             Erth           ###...       2%          1    #......
b - Stone Arrow           Conj/Erth      ##....       21%         3    ###....


Dungeon Overview and Level Annotations

Branches:
Dungeon (3/15)

Altars:

Annotations:
D:3 R007833r's ghost, amateur CeHu


Innate Abilities, Weirdness & Mutations

You are resistant to torment.
Your stone body is resilient. (AC +3)
You are immune to poison.
You resist negative energy. (rN+)
You are resistant to electric shocks. (rElec)
You can survive without breathing.
You are immune to petrification.
You are immune to rotting.


Message History

Casting: Sandblast
Confirm with . or Enter, or press ? or * to list all spells.
Aiming: Sandblast
Press: ? - help, Shift-Dir - straight line, f/p - R007833r's ghost
Aim: R007833r's ghost (lightly damaged)
The blast of sand hits R007833r's ghost.
R007833r's ghost is lightly damaged.
b - 71 stones R007833r's ghost hits you.
* * * LOW HITPOINT WARNING * * *
Casting: Sandblast
Confirm with . or Enter, or press ? or * to list all spells.
Aiming: Sandblast
Press: ? - help, Shift-Dir - straight line, f/p - R007833r's ghost
Aim: R007833r's ghost (lightly damaged)
The blast of sand misses R007833r's ghost.
The blast of sand misses the kobold.
b - 70 stones R007833r's ghost hits you.
You die...

...#. ... .## #W#.# ⌠.⌠.#. ..
#.# #.#.# ...... ....# #.#.#
....# .#.# #.#.# ....
..####.#.# ..# #
##......#.#####.######
#####.##..####......†......).
....#..........#@####.###.##
###.####..######W# #.#
..........# #K# #.#
###.####....# #.# #.# # #.#
####.# #.# #.# # #.#
#.####.## #.# # #.# #.......#
#.# # #)# #.K##.#.# #.#####..
# #.# # #.#.###........


You could see R007833r's ghost and a kobold.

Vanquished Creatures
  2 adders (D:2)
  2 worms
  A dart slug (D:3)
  2 giant cockroaches
  4 goblins
  5 hobgoblins
  3 jackals
  A quokka (D:3)
  3 bats (D:1)
  3 frilled lizards (D:1)
  4 kobolds
  4 rats
34 creatures vanquished.

Notes
Turn   | Place    | Note
-------+----------+-------------------------------------------
     0 | D:1      | JeffiDaFish the Gargoyle Earth Elementalist began the quest for the Orb.
     0 | D:1      | Reached XP level 1. HP: 10/10 MP: 3/3
   156 | D:1      | Reached skill level 4 in Earth Magic
   156 | D:1      | Reached XP level 2. HP: 15/15 MP: 1/5
   908 | D:2      | Reached XP level 3. HP: 7/19 MP: 0/6
  1557 | D:2      | Learned a level 3 spell: Stone Arrow
  1825 | D:3      | Noticed R007833r's ghost (amateur CeHu)
  1833 | D:3      | Reached XP level 4. HP: 18/24 MP: 1/8
  1874 | D:3      | Slain by R007833r's ghost

Skill      XL: |  1 |
---------------+----+-----
Earth Magic    | 4 |  4.8
Dodging        | |  1.7
Stealth        | |  2.2
Spellcasting   | |  2.9
Transmutations | |  0.7

Action                   |  1- 3 |  4- 6 || total
-------------------------+-------+-------++-------
Melee: Dagger            |    38 |       ||    38
       Rapier            |    16 |     4 ||    20
 Cast: Sandblast         |    37 |     6 ||    43
       Stone Arrow       |     2 |       ||     2
  Use: Scroll            |     6 |       ||     6
       Potion            |     3 |       ||     3
 Stab: Sleeping          |     5 |       ||     5
  Eat: Chunk             |     3 |       ||     3
Armor: Robe              |    22 |     3 ||    25
Dodge: Dodged            |    49 |     5 ||    54
